 Dungeon Crawl Stone Soup version 0.29.1-1-gd02db6906a (webtiles) character file.

Game seed: 3515409369089026031

48 warriortoast the Conjurer (level 3, 0/19 HPs)
             Began as a Deep Elf Conjurer on Oct 11, 2022.
             Succumbed to an adder's poison
             ... on level 2 of the Dungeon.
             The game lasted 00:01:31 (1892 turns).

warriortoast the Conjurer (Deep Elf Conjurer)       Turns: 1892, Time: 00:01:32

Health: 0/19       AC:  2    Str:  4    XL:     3   Next: 50%
Magic:  4/10       EV: 12    Int: 24    God:
Gold:   81         SH:  0    Dex: 13    Spells: 9/10 levels left

rFire   . . .      SeeInvis .   (no weapon)
rCold   . . .      Faith    .   (no shield)
rNeg    . . .      Spirit   .   a - +0 robe
rPois   .          Reflect  .   (no helmet)
rElec   .          Harm     .   (no cloak)
rCorr   .          Rampage  .   (no gloves)
Will    .....                   (no boots)
Stlth   ++........              (no amulet)
HPRegen 0.06/turn               (no ring)
MPRegen 0.12/turn               (no ring)

@: lethally poisoned (0 -> -6), very slightly contaminated
A: no striking features
a: no special abilities


You were on level 2 of the Dungeon.
You visited 1 branch of the dungeon, and saw 2 of its levels.

You collected 81 gold pieces.

Inventory:

Armour
 a - a +0 robe (worn)
Wands
 k - a wand of light (12)
Scrolls
 c - 2 scrolls of butterflies {unknown}
 e - 6 scrolls of identify {unknown}
 f - a scroll of teleportation {unknown}
 i - a scroll of enchant armour {unknown}
 l - a scroll of immolation {unknown}
Potions
 b - a potion of magic
 d - a potion of lignification {unknown}
 g - a potion of haste {unknown}
 h - a potion of cancellation {unknown}
 j - a potion of invisibility {unknown}


   Skills:
 - Level 2.4 Dodging
 - Level 2.4 Stealth
 + Level 4.3 Spellcasting
 + Level 5.1 Conjurations


You had 9 spell levels left.
You knew the following spells:

 Your Spells              Type           Power      Damage    Failure   Level
a - Magic Dart            Conj           100%       1d8       1%          1

Your spell library contained the following spells:

 Spells                   Type           Power      Damage    Failure   Level
 Searing Ray              Conj           60%        2d6       1%          2
 Dazzling Flash           Conj/Hex       34%        N/A       10%         3
 Fulminant Prism          Conj/Hex       8%         3d7       32%         4
 Iskenderun's Mystic Bla  Conj/Tloc      17%        2d5       32%         4


Dungeon Overview and Level Annotations

Branches:
Dungeon (2/15)

Altars:


Message History

The adder is severely wounded.
The adder bites you but does no damage. The bat hits you. The adder bites you.
You are poisoned.
The adder poisons you!
The magic dart hits the adder.
You kill the adder!
You feel sick. The bat closely misses you.
You miscast Magic Dart.
You are very lightly contaminated with residual magic.
Nothing appears to happen.
You feel sick. The bat hits you but does no damage.
The adder barely misses you.
The magic dart hits the adder.
The adder is heavily wounded.
You feel sick. The bat barely misses you. The adder closely misses you.
The adder bites you.
You are lethally poisoned!
The adder poisons you! The kobold closely misses you.
The magic dart hits the adder.
The adder is severely wounded.
You feel sick. The bat hits you but does no damage.
The adder closely misses you. The kobold barely misses you.
You are too injured to fight recklessly!
You are too injured to fight recklessly!
There is a lethal amount of poison in your body!
There is a lethal amount of poison in your body!
There is a lethal amount of poison in your body!
There is a lethal amount of poison in your body!
There is a lethal amount of poison in your body!
There is a lethal amount of poison in your body!
There is a lethal amount of poison in your body!
There is a lethal amount of poison in your body!
There is a lethal amount of poison in your body!
There is a lethal amount of poison in your body!
There is a lethal amount of poison in your body!
There is a lethal amount of poison in your body!
You feel sick. The bat hits you.
* * * LOW HITPOINT WARNING * * *
The adder closely misses you. The kobold hits you with a +0 whip.
* * * LOW HITPOINT WARNING * * *
You die...

.############.#
..............#
.÷÷.
.###########..###
...÷ .#######
#....# .....
........ ##.#.#
..÷.÷ .#######
#..b# ...... .#
#...##.8.8.. .##
#....S.# ..##
##..@K.# ...##
#.....# #..#
....####.#
##.##.# #..#
.....†...# ### ##
#..# ....######
#..# ...## #..#
...# #..# ###
##.#####...
#..###..
#.........
#.......


You could see an adder, a bat and a kobold.

Vanquished Creatures
  2 adders (D:2)
  An endoplasm (D:1)
  2 giant cockroaches
  2 goblins
  4 hobgoblins
  3 jackals (D:1)
  2 kobolds (D:1)
  2 quokkas
  3 ball pythons (D:1)
  2 bats (D:2)
  2 frilled lizards (D:1)
  3 rats
28 creatures vanquished.

Notes
Turn   | Place    | Note
-------+----------+-------------------------------------------
     0 | D:1      | warriortoast the Deep Elf Conjurer began the quest for the
                  | Orb.
     0 | D:1      | Reached XP level 1. HP: 10/10 MP: 6/6
   213 | D:1      | Reached XP level 2. HP: 15/15 MP: 1/8
  1717 | D:2      | Reached skill level 5 in Conjurations
  1717 | D:2      | Reached XP level 3. HP: 19/19 MP: 6/10
  1892 | D:2      | Succumbed to an adder's poison

Illustrated notes

Levels and vault maps discovered:
D:1:      kilobyte_arrival_exit_the_forest, layout_basic
D:2:      layout_loops_ring, shapermc_ecumenical_altar_pompeii,
          uniq_crazy_yiuf_cottage

Skill      XL: |  1  2 |
---------------+-------+-----
Spellcasting   | 4 |  4.3
Conjurations   | 5 |  5.1
Dodging        | |  2.4
Stealth        | |  2.4

Action                   || total
-------------------------++-------
 Cast: Magic Dart        ||    56
Armor: Robe              ||     3
Dodge: Dodged            ||    13
